 Dungeon Crawl Stone Soup version 0.31-a0-187-gba352fbbf7 (webtiles) character file.

Game seed: 2211949293417277134

125 qw the Skirmisher (level 4, -1/25 HPs)
             Began as a Deep Elf Hunter on June 22, 2023.
             Succumbed to Sigmund's poison
             ... on level 3 of the Dungeon.
             The game lasted 00:00:37 (1439 turns).

qw the Skirmisher (Deep Elf Hunter)                 Turns: 1439, Time: 00:00:38

Health: -1/25      AC:  7    Str: 10    XL:     4   Next: 82%
Magic:  6/6        EV: 11    Int: 14    God:
Gold:   133        SH:  0    Dex: 18    Spells: 3/3 levels left

rFire   + . .        Y - +0 shortbow (freeze)
rCold   . . .        (shield currently unavailable)
rNeg    . . .        b - +2 ring mail "Poak" {rElec rCorr}
rPois   .            (no helmet)
rElec   +            (no cloak)
rCorr   +            (no gloves)
SInv    .            (no boots)
Will    .....        (no amulet)
Stlth   +            g - ring of protection from fire
HPRegen 0.24/turn    (no ring)
MPRegen 0.10/turn

%: no passive effects
@: lethally poisoned (-1 -> -21)
A: no striking features
a: no special abilities


You were on level 3 of the Dungeon.
You visited 1 branch of the dungeon, and saw 3 of its levels.

You collected 133 gold pieces.


   Skills:
 - Level 1.5 Fighting
 + Level 8.2 Ranged Weapons
 - Level 2.4 Dodging
 - Level 1.2 Stealth


You had 3 spell levels left.
You didn't know any spells.
Your spell library was empty.

Inventory:

Hand Weapons
 Y - a +0 shortbow of freezing (weapon)
Armour
 b - the +2 ring mail "Poak" (worn) {rElec rCorr}
   (You found it on level 2 of the Dungeon)

   rElec:     It insulates you from electricity.
   rCorr:     It protects you from acid and corrosion.
Jewellery
 g - a ring of protection from fire (left hand)
Scrolls
 a - 4 scrolls of identify
 c - 2 scrolls of blinking {unknown}
Potions
 h - a potion of might

Dungeon Overview and Level Annotations

Branches:
Dungeon (3/15)

Altars:
Elyvilon

Annotations:
D:3 Sigmund


Message History

The ball python grabs you. The ball python constricts you.
You shoot an arrow. The arrow hits the ball python!
The ball python seems to slow down.
The arrow freezes the ball python.
You kill the ball python!
You see here a ball python corpse.
Found a stone staircase leading down.
Enter note: You see here a wand of charming (12).
Found 5 stones.
Enter note:
Enter note: Sigmund the Dreaded comes into view.
He is wielding a +1 scythe of venom.
Enter note:
Enter note: You shoot an arrow.
The arrow hits Sigmund.
The arrow freezes Sigmund.
Sigmund shouts!
Sigmund is moderately wounded.
You shoot an arrow. The arrow barely misses Sigmund.
You shoot an arrow. The arrow closely misses Sigmund.
Sigmund screams, "You will never...
NEVER!!!"
Sigmund points at you and mumbles some strange words.
The magic dart hits you.
You shoot an arrow. The arrow barely misses Sigmund.
You shoot an arrow. The arrow closely misses Sigmund.
Sigmund gestures at you while chanting.
You are confused.
Sigmund hits you from afar with a +1 scythe of venom.
You are poisoned.
You feel very sick. Sigmund hits you but does no damage.
You are lethally poisoned!
You feel very sick.
You feel less confused.
You feel very sick.
Sigmund hits you from afar with a +1 scythe of venom.
You are more poisoned.
You shoot an arrow.
The arrow hits Sigmund but does no damage.
Sigmund is moderately wounded.
You die...

##.## #.# #.# #.#
##.###.######## #.#
#.#### #.##.........#
#+## #.....
##.##.........# #...##
#####.
##.###..#####..##....!#
#... ##.##
#.....##..#....... ##.#.
..#####.....##..........
####....
.............:..........
........
%##.###.....##..@.@.....
####.... .##.#
#.........#....... ##.#.
.##.# #.........##.....#
#...
###.######.########...##
###.
#.##.......###.###.## #.
..##.###.#.##...##.# #.
####.# #.#.#.....#.## #.
#(# #............## #.
#.#####.#.......#.## #.


You could see Sigmund.

Vanquished Creatures
  A jelly (D:3)
  3 adders (D:2)
  4 orcs (D:3)
  5 endoplasms
  3 giant cockroaches (D:1)
  8 goblins
  5 hobgoblins
  3 jackals (D:2)
  4 kobolds
  A quokka (D:3)
  5 ball pythons
  2 bats (D:1)
  2 frilled lizards
  6 rats
52 creatures vanquished.

Notes
Turn   | Place    | Note
-------+----------+-------------------------------------------
     0 | D:1      | qw the Deep Elf Hunter began the quest for the Orb.
     0 | D:1      | Reached XP level 1. HP: 12/12 MP: 3/3
     0 | D:1      | 0 ||| qw: Version: 0.3-a-9-g12657ce
     0 | D:1      | 0 ||| qw: Game counter: 2603
     0 | D:1      | 0 ||| qw: Always use a shield: true
     0 | D:1      | 0 ||| qw: God list: Okawaru
     0 | D:1      | 0 ||| qw: Allow faded altars: false
     0 | D:1      | 0 ||| qw: Do Orc after D:15 true
     0 | D:1      | 0 ||| qw: Do second Lair branch before Depths: true
     0 | D:1      | 0 ||| qw: Lair rune preference: random
     0 | D:1      | 0 ||| qw: Plans: Normal
     0 | D:1      | 0 ||| PLANNING D:1-11
    71 | D:1      | Reached skill level 6 in Ranged Weapons
    71 | D:1      | Reached XP level 2. HP: 16/16 MP: 4/4
   365 | D:1      | 365 ||| UPGRADING to ring of protection from fire.
   366 | D:1      | 366 ||| READING 2 scrolls labelled POCWOM BUGUOFA.
   367 | D:1      | 367 ||| READING scroll labelled PIDYKLOOSCH.
   368 | D:1      | 368 ||| READING scroll labelled QOANUK OLIUTY.
   369 | D:1      | 369 ||| READING scroll labelled POYMMI LOUVA.
   370 | D:1      | 370 ||| DROPPING scroll of butterflies.
   444 | D:2      | Reached XP level 3. HP: 12/20 MP: 5/5
   577 | D:2      | Reached skill level 7 in Ranged Weapons
   638 | D:2      | Identified the +2 ring mail "Poak" {rElec rCorr}
   770 | D:2      | Found a white marble altar of Elyvilon.
  1002 | D:2      | Reached XP level 4. HP: 23/25 MP: 6/6
  1149 | D:2      | 1149 ||| UPGRADING to +2 ring mail "Poak" {rElec rCorr}.
  1159 | D:2      | 1159 ||| DROPPING +0 leather armour.
  1160 | D:2      | 1160 ||| READING scroll labelled COAWYUTIHARCH.
  1161 | D:2      | 1161 ||| READING scroll labelled ZOVVOV GOE.
  1162 | D:2      | 1162 ||| READING 5 scrolls of identify.
  1162 | D:2      | 1162 ||| IDENTIFYING dark potion
  1293 | D:3      | Reached skill level 8 in Ranged Weapons
  1428 | D:3      | Noticed Sigmund
  1438 | D:3      | HP: 4/25 [Sigmund/+1 scythe of venom (4)]
  1439 | D:3      | Succumbed to Sigmund's poison

Levels and vault maps discovered:
D:1:      enne_arrival_octagon_isle, layout_rooms,
          hangedman_decor_clover_reticule
D:2:      layout_loops_ring, basic_altar
D:3:      layout_loops_corners, kennysheep_generic_room_15, uniq_ijyb,
          uniq_jessica, uniq_crazy_yiuf_cottage, uniq_sigmund

Skill      XL: |  1  2  3  4 |
---------------+-------------+-----
Ranged Weapons | 6 7 8 |  8.2
Fighting       | |  1.5
Dodging        | |  2.4
Stealth        | |  1.2

Action                     |  1- 3 |  4- 6 || total
---------------------------+-------+-------++-------
   Fire: Shortbow          |   102 |    41 ||   143
    Use: Scroll            |     4 |     3 ||     7
 Armour: Leather armour    |    10 |       ||    10
         Ring mail         |       |     6 ||     6
  Dodge: Dodged            |    37 |     3 ||    40

Table legend:
 A = Non-vault XP
 B = Vault XP
 C = Vault XP percentage of total XP
 D = Non-vault monster count
 E = Vault monster count
 F = Vault count percentage of total count
                 A         B        C        D         E       F
            +---------+---------+-------+---------+---------+-------
      Total |     179 |       0 |   0.0 |      52 |       0 |   0.0
            +---------+---------+-------+---------+---------+-------
        D:1 |      38 |       0 |   0.0 |      24 |       0 |   0.0
        D:2 |      65 |       0 |   0.0 |      19 |       0 |   0.0
        D:3 |      76 |       0 |   0.0 |       9 |       0 |   0.0
            +---------+---------+-------+---------+---------+-------
